 Dungeon Crawl Stone Soup version 0.30.1-11-g7821555f0a (webtiles) character file.

Game seed: 5848214878453792644

10117 fireball365 the Blocker (level 11, -3/88 HPs)
             Began as a Hill Orc Fighter on Nov 10, 2023.
             Was an Initiate of Gozag.
             Slain by a skeletal warrior
             ... wielding a +0 glaive of protection
              (11 damage)
             ... on level 9 of the Dungeon.
             The game lasted 00:22:06 (9530 turns).

fireball365 the Blocker (Hill Orc Fighter)          Turns: 9530, Time: 00:22:06

Health: -3/88      AC: 18    Str: 39    XL:     11   Next: 57%
Magic:  11/11      EV: 10    Int:  6    God:    Gozag
Gold:   497        SH: 16    Dex: 10    Spells: 10/10 levels left

rFire   + . .        F - +8 long sword "Qoer Zom" {heavy, *Rage Str+9 Int-2}
rCold   + . .        p - +1 tower shield
rNeg    . . .        h - +0 chain mail
rPois   .            t - +1 helmet
rElec   .            s - +1 cloak
rCorr   .            c - +1 pair of gloves
SInv    .            (no boots)
Will    .....        (no amulet) Stlth
                     A - +6 ring of strength
HPRegen 1.14/turn    L - ring of protection from cold
MPRegen 0.12/turn

%: random rage (20%)
@: on berserk cooldown, slowed, very slow
A: fangs 1, fire resistance 1, regeneration 1
a: Renounce Religion, Potion Petition, Call Merchant, Bribe Branch


You were on level 9 of the Dungeon.
You worshipped Gozag.
Gozag was aware of your devotion.
You visited 2 branches of the dungeon, and saw 10 of its levels.

You collected 1402 gold pieces.
You spent 804 gold pieces at shops.
You paid 101 gold pieces to Gozag.

Inventory:

Hand Weapons
 a - a +0 war axe of chaos
 F - the +8 long sword "Qoer Zom" (weapon) {heavy, *Rage Str+9 Int-2}
   (You found it on level 5 of the Dungeon)

   Str:       It affects your strength (+9).
   Int:       It affects your intelligence (-2).
   *Rage:     It berserks you when you make melee attacks (+20% chance).
 M - a +3 great sword of freezing
Missiles
 B - 2 throwing nets (quivered)
Armour
 c - a +1 pair of gloves (worn)
 h - a +0 chain mail (worn)
 p - a +1 tower shield (worn)
 s - a +1 cloak (worn)
 t - a +1 helmet (worn)
Jewellery
 A - a +6 ring of strength (left hand)
 D - a ring of ice
 E - the ring "Junai" {*Corrode rC+ Will+ Str+2 Dex+4}
   (You found it on level 5 of the Dungeon)

   [ring of protection from cold]

   Str:       It affects your strength (+2).
   Dex:       It affects your dexterity (+4).
   rC:        It protects you from cold.
   *Corrode:  It may corrode you when you take damage.
   Will:      It increases your willpower.
 L - a ring of protection from cold (right hand)
Wands
 z - a wand of polymorph (12)
 J - a wand of flame (5)
Scrolls
 b - a scroll of noise
 f - 8 scrolls of teleportation
 g - 2 scrolls of fear
 i - 4 scrolls of blinking
 l - 2 scrolls of vulnerability
 m - a scroll of fog
 n - 4 scrolls of amnesia
 r - 3 scrolls of poison
 x - 2 scrolls of immolation
Potions
 d - 3 potions of might
 e - a potion of attraction {unknown}
 j - 2 potions of berserk rage
 k - a potion of invisibility
 o - 3 potions of brilliance
 q - a potion of cancellation {unknown}
 u - a potion of heal wounds
 v - 3 potions of degeneration
 w - 2 potions of resistance
 H - 2 potions of flight
 I - 3 potions of lignification


   Skills:
 - Level 5.5 Fighting
 + Level 10.3 Long Blades
 + Level 7.6 Axes
 + Level 9.9 Armour
 + Level 3.9 Dodging
 + Level 2.0 Stealth
 + Level 10.8 Shields


You had 10 spell levels left.
You didn't know any spells.
Your spell library contained the following spells:

 Spells                   Type           Power      Damage    Failure   Level
 Sandblast                Erth           0%         2d4       95%         1
 Slow                     Hex            0%         N/A       95%         1
 Ensorcelled Hibernation  Hex/Ice        0%         N/A       99%         2
 Passwall                 Tmut/Erth      0%         N/A       99%         2
 Poisonous Vapours        Pois/Air       0%         N/A       99%         2
 Confusing Touch          Hex            0%         N/A       100%        3
 Mephitic Cloud           Conj/Pois/Air  0%         N/A       100%        3
 Spider Form              Tmut/Pois      0%         N/A       100%        3
 Stone Arrow              Conj/Erth      0%         3d7       100%        3
 Summon Guardian Golem    Hex/Summ       0%         N/A       100%        3
 Swiftness                Air            0%         N/A       100%        3
 Vampiric Draining        Necr           0%         2d6       100%        3
 Vhi's Electric Charge    Tloc/Air       0%         N/A       100%        3
 Anguish                  Hex/Necr       0%         N/A       100%        4
 Arcjolt                  Conj/Air       0%         1d10      100%        5
 Freezing Cloud           Conj/Ice/Air   0%         6-21      100%        5
 Orb of Destruction       Conj           0%         9d5       100%        7
 Spellforged Servitor     Conj/Summ      0%         N/A       100%        7
 Maxwell's Capacitive Co  Air            0%         ∞         100%        8


Dungeon Overview and Level Annotations

Branches:
Dungeon (9/15)             Temple (1/1) D:5            Lair (0/5) D:9
    Orc: D:9-12

Altars:
Ashenzari
Cheibriados
Dithmenos
Elyvilon
Fedhas
Gozag
Kikubaaqudgha
Makhleb
Okawaru
Qazlal
Sif Muna
Trog
Uskayaw
Wu Jian
Xom
Zin
The Shining One

Shops:
D:4 !   D:5 ?   D:6 :


Innate Abilities, Weirdness & Mutations

You have very sharp teeth.
Your flesh is heat resistant. (rF+)
Your natural rate of healing is unusually fast.


Message History

The skeletal warrior closely misses you.
The flying skull barely misses you. The skeletal warrior barely misses you.
You slice the flying skull!!
The flying skull is almost destroyed.
You block the flying skull's attack. x2
The skeletal warrior hits you from afar with a +0 glaive of protection!
The flying skull hits you but does no damage.
The skeletal warrior hits you from afar with a +0 glaive of protection.
You slash the flying skull!
You destroy the flying skull!
You block the skeletal warrior's attack.
The skeletal warrior hits you from afar with a +0 glaive of protection.
You block the skeletal warrior's attack.
You see here 5 gold pieces.
You block the skeletal warrior's attack.
The skeletal warrior closely misses you.
You see here 6 gold pieces.
You slice the skeletal warrior!!
The skeletal warrior is moderately damaged.
The skeletal warrior hits you with a +0 glaive of protection!
* * * LOW HITPOINT WARNING * * *
You block the skeletal warrior's attack.
You hit the skeletal warrior.
You bite the skeletal warrior, but do no damage.
The skeletal warrior is moderately damaged.
A howler monkey zombie comes into view.
You block the skeletal warrior's attack.
The skeletal warrior hits you with a +0 glaive of protection!
* * * LOW HITPOINT WARNING * * *
You slash the skeletal warrior!
The skeletal warrior is heavily damaged.
You block the skeletal warrior's attack.
The skeletal warrior hits you with a +0 glaive of protection!
* * * LOW HITPOINT WARNING * * *
You block the skeletal warrior's attack.
You slash the skeletal warrior!
The skeletal warrior is severely damaged.
The skeletal warrior hits you with a +0 glaive of protection!
You die...
Your body crumbles into a pile of gold.

#.##########.......
#.. ..............
#### #######.....>.
... ##...... # #.#
## #...... #. #'#
#.# ##....P #.
#!##.# #..P..
#####.#$#.######
##....
......z@$......#
##...
......Z.$......#
##..
..###.#)#.###..#
### #.##.##.##..#
###### #.# #'#
#)#[.# #..... ##
#.# ##..####.####
... #.....#.# ###
#..))<#.# ###...#.#


You could see a skeletal warrior and a howler monkey zombie.

Vanquished Creatures
  Josephine (D:9)
  A two-headed ogre (D:9)
  Pikel (D:5)
  An elephant (D:9)
  4 unseen horror zombies (D:9)
  2 unseen horror skeletons (D:9)
  Grinder (D:4)
  Prince Ribbit (D:6)
  4 flying skulls (D:9)
  4 shadows (D:9)
  A wyvern (D:9)
  A wraith (D:9)
  3 steam dragons (D:8)
  3 vampire mosquitoes (D:9)
  4 water moccasins
  An orc warrior (D:7)
  3 sky beasts
  3 black bears
  A centaur (D:8)
  Blork the orc (D:5)
  A phantom (D:5)
  3 kobold brigands
  2 bullfrogs
  A wyvern zombie (D:9)
  3 scorpions
  A wyvern skeleton (D:9)
  9 wights
  10 killer bees
  A centaur zombie (D:9)
  6 hounds
  Crazy Yiuf (D:3)
  3 orc priests
  2 centaur skeletons (D:9)
  2 sleepcaps (D:6)
  Natasha (D:2)
  6 iguanas
  Ijyb (D:5)
  5 orc wizards
  A howler monkey zombie (D:9)
  Robin (D:2)
  A howler monkey skeleton (D:9)
  12 gnolls
  10 adders
  3 white imps
  2 ufetubi
  3 worms
  3 dart slugs
  16 orcs
  7 ball pythons
  9 endoplasms
  2 giant cockroaches
  10 hobgoblins
  19 kobolds
  4 quokkas
  10 bats
  5 frilled lizards
  16 goblins
  3 rats
236 creatures vanquished.

Notes
Turn   | Place    | Note
-------+----------+-------------------------------------------
     0 | D:1      | fireball365 the Hill Orc Fighter began the quest for the
                  | Orb.
     0 | D:1      | Reached XP level 1. HP: 19/19 MP: 1/1
    96 | D:1      | Found a faded altar of an unknown god.
   108 | D:1      | Reached XP level 2. HP: 27/27 MP: 2/2
   833 | D:2      | Reached XP level 3. HP: 33/33 MP: 3/3
  1324 | D:2      | Noticed Robin
  1334 | D:2      | Reached XP level 4. HP: 29/40 MP: 4/4
  1335 | D:2      | Killed Robin
  1486 | D:2      | Noticed Natasha
  1492 | D:2      | Killed Natasha
  1582 | D:2      | Found a shadowy altar of Dithmenos.
  1993 | D:3      | Reached XP level 5. HP: 45/46 MP: 5/5
  2145 | D:3      | Reached skill level 5 in Axes
  2257 | D:3      | Found a hide-covered altar of Uskayaw.
  2800 | D:3      | Found a runed translucent door.
  2801 | D:3      | Noticed Crazy Yiuf
  2810 | D:3      | Killed Crazy Yiuf
  2971 | D:4      | Found Bubet's Distillery.
  2980 | D:4      | Bought a potion of curing for 33 gold pieces
  2992 | D:4      | Noticed a black bear
  2999 | D:4      | Killed a black bear
  3000 | D:4      | Reached XP level 6. HP: 55/55 MP: 6/6
  3127 | D:4      | Reached skill level 5 in Fighting
  3141 | D:4      | Reached skill level 1 in Dodging
  3158 | D:4      | Found an ancient bone altar of Kikubaaqudgha.
  3356 | D:4      | Reached XP level 7. HP: 45/61 MP: 7/7
  3844 | D:4      | Noticed Grinder
  3846 | D:4      | Paralysed by Grinder for 5 turns
  3862 | D:4      | Paralysed by Grinder for 2 turns
  3867 | D:4      | Paralysed by Grinder for 3 turns
  3879 | D:4      | Killed Grinder
  3880 | D:4      | Reached skill level 5 in Armour
  4291 | D:5      | Entered Level 5 of the Dungeon
  4366 | D:5      | Noticed Ijyb
  4372 | D:5      | Killed Ijyb
  4559 | D:5      | Found a staircase to the Ecumenical Temple.
  4572 | Temple   | Entered the Ecumenical Temple
  4582 | Temple   | Became a worshipper of Gozag Ym Sagoz the Greedy
  4661 | D:5      | Found Dutirre's Magic Scroll Emporium.
  4664 | D:5      | Bought a scroll of identify for 24 gold pieces
  4664 | D:5      | Bought a scroll of identify for 24 gold pieces
  4681 | D:5      | Identified the +8 long sword "Qoer Zom" {heavy, *Rage Str+9
                  | Int-2}
  4686 | D:5      | Identified the ring "Junai" {*Corrode rC+ Will+ Str+2
                  | Dex+4}
  4699 | D:5      | Reached skill level 5 in Shields
  4730 | D:5      | Reached XP level 8. HP: 69/69 MP: 8/8
  4831 | D:5      | Reached skill level 1 in Long Blades
  4893 | D:5      | Noticed Blork the orc
  4905 | D:5      | Killed Blork the orc
  5078 | D:5      | Noticed Pikel
  5084 | D:5      | Killed Pikel
  5085 | D:5      | Reached skill level 1 in Stealth
  5211 | D:5      | Reached XP level 9. HP: 74/74 MP: 9/9
  5504 | D:6      | Reached skill level 5 in Long Blades
  5691 | D:6      | Found a bloodstained altar of Trog.
  5764 | D:6      | Found Voats's Tiny Tomes.
  5851 | D:6      | Noticed Prince Ribbit
  5860 | D:6      | Killed Prince Ribbit
  5977 | D:6      | Found an ornate altar of the Wu Jian Council.
  6192 | D:6      | Noticed an angel
  6193 | D:6      | Found a glowing silver altar of Zin.
  6572 | D:7      | Found a stormy altar of Qazlal.
  7552 | D:8      | Reached XP level 10. HP: 75/81 MP: 10/10
  7981 | D:8      | Found an iron altar of Okawaru.
  8196 | D:8      | Gained mutation: You are frail. (-10% HP) [potion of
                  | mutation]
  8196 | D:8      | Gained mutation: You are resistant to electric shocks.
                  | (rElec) [potion of mutation]
  8198 | D:8      | Lost mutation: You are frail. (-10% HP) [potion of
                  | mutation]
  8198 | D:8      | Lost mutation: You are resistant to electric shocks.
                  | (rElec) [potion of mutation]
  8198 | D:8      | Gained mutation: You are clumsy. (Dex -2) [potion of
                  | mutation]
  8414 | D:8      | Found a burning altar of Makhleb.
  8608 | D:4      | Bought 2 potions of mutation for 176 gold pieces
  8608 | D:4      | Bought a potion of berserk rage for 55 gold pieces
  8608 | D:4      | Lost mutation: You are clumsy. (Dex -2) [potion of
                  | mutation]
  8608 | D:4      | Gained mutation: You are clumsy. (Dex -2) [potion of
                  | mutation]
  8608 | D:4      | Gained mutation: You are strong-willed. (Will+) [potion of
                  | mutation]
  8609 | D:4      | Lost mutation: You are clumsy. (Dex -2) [potion of
                  | mutation]
  8609 | D:4      | Lost mutation: You are strong-willed. (Will+) [potion of
                  | mutation]
  8609 | D:4      | Gained mutation: You have very sharp teeth. [potion of
                  | mutation]
  8609 | D:4      | Gained mutation: Your flesh is heat resistant. (rF+)
                  | [potion of mutation]
  8609 | D:4      | Gained mutation: Your natural rate of healing is unusually
                  | fast. [potion of mutation]
  8677 | D:5      | Bought a scroll of enchant armour for 90 gold pieces
  8677 | D:5      | Bought a scroll of immolation for 48 gold pieces
  8677 | D:5      | Bought a scroll of fear for 48 gold pieces
  8677 | D:5      | Bought a scroll of enchant armour for 90 gold pieces
  8677 | D:5      | Bought a scroll of teleportation for 36 gold pieces
  8677 | D:5      | Bought a scroll of enchant armour for 90 gold pieces
  8677 | D:5      | Bought a scroll of enchant armour for 90 gold pieces
  8846 | D:9      | Noticed a two-headed ogre
  8857 | D:9      | Killed a two-headed ogre
  8995 | D:9      | Noticed an elephant
  9013 | D:9      | Killed an elephant
  9032 | D:9      | Found a staircase to the Lair.
  9162 | D:9      | Found a snail-covered altar of Cheibriados.
  9358 | D:9      | Reached XP level 11. HP: 86/86 MP: 11/11
  9422 | D:9      | Reached skill level 10 in Shields
  9484 | D:9      | Reached skill level 10 in Long Blades
  9505 | D:9      | Noticed Josephine
  9506 | D:9      | Noticed a skeletal warrior
  9514 | D:9      | Killed Josephine
  9530 | D:9      | Slain by a skeletal warrior

Illustrated notes

Levels and vault maps discovered:
D:1:      lordsloth_arrival_two_stooges, layout_loops_cross,
          hellmonk_ecumenical_altar_lost_god
D:2:      layout_basic, basic_altar, minmay_tromino_i2, uniq_natasha, uniq_robin
D:3:      layout_basic, nicolae_uskayaw_dance_hall, palyth_stone_intersect,
          uniq_crazy_yiuf_cottage
D:4:      mumra_celtic_spiral_tile, layout_loops_ring,
          mainiacjoe_overflow_tiny_flanked, serial_shops,
          nicolae_shop_industrial_runoff, moated_statue, kennysheep_cross_room,
          hangedman_minor_gate_pass, uniq_grinder
D:5:      minmay_diamond_boxcup, layout_loops_ring, minmay_temple_entry_fiery,
          serial_shops, nicolae_shop_tiny_real_fake_doors, uniq_ijyb,
          uniq_blork_the_orc, uniq_pikel
D:6:      layout_gridville, zin_angel, lemuel_doored_altar,
          nzn_wu_jian_contemplation, nicolae_shop_i_like_small_books_too,
          uniq_prince_ribbit1
D:7:      layout_cave_pods, nicolae_qazlal_style_of_elements
D:8:      layout_loops_ring, mainiacjoe_overflow_paths,
          okawaru_metal_pillars_1_2, reono_crystal_passage,
          hangedman_decor_opposing, st_stairs_7
D:9:      hangedman_screamer, layout_basic, mainiacjoe_overflow_alcove_1,
          nicolae_hepliaklqana_monster_ancestors, david_lair_generic
Temple:   hellmonk_temple_two_chambers

Skill      XL: |  1  2  3  4  5  6  7  8  9 10 11 |
---------------+----------------------------------+-----
Axes           | 3 4 5 6 7 |  7.6
Armour         | 4 5 6 8 9 |  9.9
Fighting       | 4 5 |  5.5
Shields        | 4 5 6 7 9 10 | 10.8
Dodging        | 1 2 3 |  3.9
Long Blades    | 4 7 9 10 | 10.3
Stealth        | 1 2 |  2.0

Action                     |  1- 3 |  4- 6 |  7- 9 | 10-12 || total
---------------------------+-------+-------+-------+-------++-------
  Melee: War axe           |    97 |   144 |    61 |       ||   302
         Long sword        |       |       |   174 |   220 ||   394
         Bite              |       |       |       |    15 ||    15
  Evoke: Wand              |       |       |     1 |       ||     1
    Use: Scroll            |     3 |     3 |    15 |     5 ||    26
         Potion            |       |       |     4 |     4 ||     8
   Stab: Distracted        |       |       |     1 |       ||     1
 Armour: Scale mail        |    21 |       |       |       ||    21
         Chain mail        |    78 |   113 |   144 |   171 ||   506
  Dodge: Dodged            |    42 |    24 |    97 |   115 ||   278
  Block: Buckler           |    25 |       |       |       ||    25
         Tower shield      |    25 |   120 |   250 |   265 ||   660
